[Event "Titled Tuesday Blitz August 09 Early 2022"]
[White "Kuznetsova, Olga"]
[Black "Lehtosaari, Mauri"]
[WhiteFideId "4191323"]
[BlackFideId "501999"]
[WhiteElo "2134"]
[BlackElo "2487"]
[Result "1-0"]
[Round "10"]
[TimeControl "180+1"]
[Date "2022.08.09"]
[WhiteClock "0:00:12"]
[BlackClock "0:00:03"]

1. d4 d5 2. Bf4 c5 3. e3 Nc6 4. c3 Nf6 5. Nd2 Bf5 6. Qb3 Qd7 7. Ngf3 c4 8. Qa4 e6 9. b3 cxb3 10. axb3 a6 11. Bb5 Rc8 12. Bxc6 Qxc6 13. Qxc6+ Rxc6 14. c4 Bb4 15. Ke2 O-O 16. Rhc1 dxc4 17. bxc4 Nh5 18. Bg3 Nxg3+ 19. hxg3 f6 20. e4 Bg4 21. Kd3 Rd8 22. Rab1 a5 23. d5 Rcc8 24. Nd4 e5 25. Nc2 Bc5 26. f3 Bh5 27. Rxb7 a4 28. Ra1 Be8 29. Na3 Rb8 30. Rbb1 Bd7 31. Kc2 Bd4 32. Rxb8 Rxb8 33. Rb1 Rc8 34. Rb7 Be8 35. Nb5 Bc5 36. Nc7 Bf7 37. Na6 Bd4 38. d6 Be6 39. d7 Rd8 40. c5 Rxd7 41. Rb8+ Kf7 42. c6 Re7 43. c7 Ba7 44. c8=Q Bxc8 45. Rxc8 a3 46. Nb3 Bb6 47. Nb4 Rd7 48. Nd5 Ba7 49. Rc7 Rxc7+ 50. Nxc7 Bf2 51. g4 g6 52. Nb5 a2 53. Kb2 f5 54. gxf5 gxf5 55. exf5 Kf6 56. g4 h5 57. Nd6 hxg4 58. fxg4 Bg3 59. Ne4+ Ke7 60. Nxg3 1-0


[Site "https://www.chess.com"]

[Event "Titled Tuesday Blitz August 09 Early 2022"]
[White "Lakshmi C"]
[Black "White, John S."]
[WhiteFideId "25035347"]
[BlackFideId "2502348"]
[WhiteElo "1775"]
[BlackElo "1963"]
[Result "1-0"]
[Round "10"]
[TimeControl "180+1"]
[Date "2022.08.09"]
[WhiteClock "0:00:08"]
[BlackClock "0:00:08"]

1. e4 c5 2. Nf3 e6 3. d4 cxd4 4. Nxd4 Nc6 5. Nc3 d6 6. Be3 Nf6 7. Be2 Be7 8. O-O O-O 9. f4 a6 10. a4 Qc7 11. Nb3 Bd7 12. a5 Be8 13. Bb6 Qb8 14. f5 Nd7 15. Be3 Nde5 16. Na4 Nd7 17. fxe6 fxe6 18. Bc4 Nd8 19. Rxf8+ Bxf8 20. Nd4 Bf7 21. Bb3 d5 22. exd5 exd5 23. Nb6 Nxb6 24. axb6 Qe5 25. Qf3 Bc5 26. c3 Nc6 27. Nc2 Bxe3+ 28. Nxe3 Rd8 29. Rf1 Be6 30. Ng4 d4 31. Nxe5 Bxb3 32. Nxc6 bxc6 33. cxd4 h6 34. Qxb3+ Kh8 35. b7 Rb8 36. Rf8+ Rxf8 37. b8=Q Rxb8 38. Qxb8+ Kh7 39. Qd6 h5 40. Qxc6 a5 41. Qe4+ Kg8 42. d5 Kf8 43. d6 a4 44. Qe7+ Kg8 45. d7 Kh7 46. d8=Q a3 47. Qe4+ Kh6 48. Qh8+ Kg5 49. Qxg7# 1-0


[Site "https://www.chess.com"]

[Event "Titled Tuesday Blitz August 09 Early 2022"]
[White "Large, Peter G"]
[Black "Kaufman, Raymond"]
[WhiteFideId "400866"]
[BlackFideId "2015056"]
[WhiteElo "2064"]
[BlackElo "2321"]
[Result "0-1"]
[Round "10"]
[TimeControl "180+1"]
[Date "2022.08.09"]
[WhiteClock "0:00:05"]
[BlackClock "0:00:22"]

1. Nf3 d5 2. b3 Bg4 3. Bb2 Nd7 4. e3 Ngf6 5. h3 Bxf3 6. Qxf3 e5 7. d3 Bb4+ 8. c3 Bd6 9. Nd2 O-O 10. g3 Re8 11. Qe2 e4 12. d4 a5 13. a4 c6 14. Bg2 h5 15. O-O h4 16. g4 Nh7 17. c4 Qg5 18. Ba3 Bxa3 19. Rxa3 f5 20. gxf5 Qxf5 21. Raa1 Ng5 22. Kh2 Nf6 23. f4 exf3 24. Nxf3 Nxf3+ 25. Rxf3 Qg5 26. Raf1 Re6 27. cxd5 cxd5 28. Qb5 Rae8 29. Qxb7 Rxe3 30. Rxe3 Rxe3 31. Qc8+ Re8 32. Qf5 Qg3+ 33. Kh1 Re2 34. Qf3 Rb2 35. Qxg3 hxg3 36. Rf3 Rb1+ 37. Bf1 Ne4 38. Kg2 Rb2+ 39. Kg1 Rd2 40. Bd3 Nf2 41. Bb5 Nxh3+ 42. Kh1 g2+ 43. Kh2 g1=Q+ 44. Kxh3 Rh2# 0-1


[Site "https://www.chess.com"]

[Event "Titled Tuesday Blitz August 09 Early 2022"]
[White "Le, Tuan Minh"]
[Black "Csonka, Balazs"]
[WhiteFideId "12401153"]
[BlackFideId "742910"]
[WhiteElo "2530"]
[BlackElo "2404"]
[Result "1-0"]
[Round "10"]
[TimeControl "180+1"]
[Date "2022.08.09"]
[WhiteClock "0:00:09"]
[BlackClock "0:00:02"]

1. d4 Nf6 2. Nf3 b6 3. Bf4 Bb7 4. e3 g6 5. Be2 Bg7 6. O-O O-O 7. h3 d6 8. a4 a5 9. Na3 Nbd7 10. Bh2 Re8 11. c3 e5 12. Nb5 e4 13. Nd2 Nf8 14. b4 h5 15. Qb3 Qd7 16. Rfc1 h4 17. c4 axb4 18. Qxb4 Ne6 19. Nb3 Ng5 20. Bf1 Nf3+ 21. gxf3 exf3 22. Nxc7 Ne4 23. Nd2 Nxd2 24. Qxd2 Qxc7 25. Rab1 Qe7 26. Rxb6 Be4 27. Bf4 Rad8 28. Qa5 Bf6 29. c5 dxc5 30. Qxc5 Qxc5 31. Rxc5 Kg7 32. Rc7 Rc8 33. a5 Rxc7 34. Bxc7 Rc8 35. Bd6 Rc1 36. Rb3 Bd5 37. Ba3 Bxb3 38. Bxc1 Bd8 39. a6 Bb6 40. Bb2 f6 41. Ba3 Kf7 42. Bc5 1-0


[Site "https://www.chess.com"]

[Event "Titled Tuesday Blitz August 09 Early 2022"]
[White "Lebedev, Artem S."]
[Black "Sawlin, Leonid"]
[WhiteFideId "34272747"]
[BlackFideId "4689542"]
[WhiteElo "1699"]
[BlackElo "2412"]
[Result "0-1"]
[Round "10"]
[TimeControl "180+1"]
[Date "2022.08.09"]
[WhiteClock "0:00:01"]
[BlackClock "0:01:06"]

1. e4 c5 2. Nf3 e6 3. d4 cxd4 4. Nxd4 Nc6 5. Nc3 Nf6 6. Ndb5 Bc5 7. Nd6+ Ke7 8. Nc4 b5 9. Nxb5 Nxe4 10. Be3 Bxe3 11. Nxe3 Qa5+ 12. c3 a6 13. Nd4 Bb7 14. Nxc6+ Bxc6 15. Bd3 Rhb8 16. Bxe4 Bxe4 17. b4 Qe5 18. Qd2 Bxg2 19. Rg1 Bc6 20. O-O-O a5 21. Nc4 Qc7 22. Nxa5 Bd5 23. Qg5+ Ke8 24. Qxg7 Rxb4 25. Qg8+ Ke7 26. Qg5+ Kd6 27. Qg3+ e5 28. Rxd5+ Kxd5 29. Rd1+ Ke6 30. Qh3+ Ke7 31. Rxd7+ Qxd7 32. Qxd7+ Kxd7 33. cxb4 Kd6 34. Kd2 Kd5 35. Ke3 Ra7 36. a3 f5 37. f4 e4 38. Kd2 Rg7 39. Nb3 Rg2+ 40. Ke1 Rxh2 41. Nc5 Ra2 42. a4 Rb2 43. a5 Rxb4 44. Nd7 Kd4 45. Nb6 Kd3 46. Nd5 Ra4 47. a6 e3 48. Nb6 Ra1# 0-1


[Site "https://www.chess.com"]

[Event "Titled Tuesday Blitz August 09 Early 2022"]
[White "Livaic, Leon"]
[Black "Atakhan, Abtin"]
[WhiteFideId "14531534"]
[BlackFideId "22502203"]
[WhiteElo "2540"]
[BlackElo "2087"]
[Result "1-0"]
[Round "10"]
[TimeControl "180+1"]
[Date "2022.08.09"]
[WhiteClock "0:00:09"]
[BlackClock "0:00:26"]

1. d4 Nf6 2. c4 g6 3. Nc3 Bg7 4. e4 d6 5. h3 O-O 6. Be3 Nc6 7. d5 Ne5 8. f4 Ned7 9. g4 Nc5 10. Bxc5 dxc5 11. e5 Ne8 12. Nf3 c6 13. Bg2 cxd5 14. cxd5 f6 15. O-O Rb8 16. Re1 b5 17. d6 exd6 18. e6 Qa5 19. Nd5 Bb7 20. Nh4 f5 21. Ne7+ Kh8 22. Nexg6+ hxg6 23. Nxg6+ Kh7 24. Nxf8+ Bxf8 25. e7 Bg7 26. Bxb7 Bd4+ 27. Kh1 Rxb7 28. g5 Rb8 29. Qh5+ Kg8 30. Qg6+ Bg7 31. Qxf5 Qd2 32. Rad1 Qf2 33. Qd5+ Kh7 34. Qe4+ Kh8 35. Re2 Qh4 36. Rg1 d5 37. Qf3 Nd6 38. f5 Ne4 39. f6 Re8 40. f7 Rf8 41. exf8=Q+ Bxf8 42. Rg4 Qh5 43. Rexe4 dxe4 44. Qf6+ Kh7 45. g6+ Kh6 46. g7+ 1-0


[Site "https://www.chess.com"]

[Event "Titled Tuesday Blitz August 09 Early 2022"]
[White "Locci, Damiano"]
[Black "Simonovic, Miroslav"]
[WhiteFideId "819751"]
[BlackFideId "919152"]
[WhiteElo "2311"]
[BlackElo "2043"]
[Result "1-0"]
[Round "10"]
[TimeControl "180+1"]
[Date "2022.08.09"]
[WhiteClock "0:00:40"]
[BlackClock "0:00:25"]

1. c4 c5 2. Nf3 Nc6 3. d4 cxd4 4. Nxd4 g6 5. e4 Bg7 6. Nc2 d6 7. Be2 Nf6 8. Nc3 O-O 9. O-O b6 10. Be3 Bb7 11. f3 Rc8 12. Rc1 h6 13. Qd2 Kh7 14. Rfd1 Ne5 15. b3 Qc7 16. Na3 Bc6 17. Nab5 Qb7 18. h3 Rfd8 19. Nd4 Be8 20. f4 Nc6 21. Nc2 Na5 22. Bf3 Bc6 23. Qd3 Qa8 24. Nb4 Bb7 25. Nbd5 e6 26. Nxf6+ Bxf6 27. Nb5 Be7 28. b4 Nc6 29. a3 Bf8 30. f5 Ne5 31. fxg6+ Kxg6 32. Qb1 Rxc4 33. Rxc4 Nxc4 34. e5+ Kg7 35. Bxb7 Qxb7 36. Bd4 d5 37. Nd6 Qe7 38. Rf1 Qg5 39. Rxf7+ Kg8 40. Qh7# 1-0


[Site "https://www.chess.com"]

[Event "Titled Tuesday Blitz August 09 Early 2022"]
[White "Machidon, Cristi"]
[Black "Najdin, Danil"]
[WhiteFideId "13904590"]
[BlackFideId "4172426"]
[WhiteElo "2312"]
[BlackElo "2240"]
[Result "1-0"]
[Round "10"]
[TimeControl "180+1"]
[Date "2022.08.09"]
[WhiteClock "0:00:06"]
[BlackClock "0:00:03"]

1. d4 g6 2. e4 c6 3. Nf3 d5 4. Nc3 Bg7 5. h3 Nf6 6. e5 Ne4 7. Bd3 Nxc3 8. bxc3 O-O 9. O-O f6 10. Bf4 Nd7 11. exf6 exf6 12. Re1 Re8 13. Rxe8+ Qxe8 14. a4 Nf8 15. a5 Ne6 16. Bg3 Bh6 17. c4 Nf4 18. Bf1 dxc4 19. Bxc4+ Be6 20. Bxf4 Bxf4 21. Qe2 Bf7 22. Bxf7+ Qxf7 23. Rb1 Re8 24. Qd3 Re7 25. g3 Bc7 26. Rxb7 Bxa5 27. Rxe7 Qxe7 28. Qc4+ Kg7 29. Qxc6 Bc7 30. Kg2 a5 31. d5 h5 32. c4 Bd6 33. Qa4 Bb4 34. Qc2 Qc5 35. Nh4 Qd4 36. Qxg6+ Kf8 37. Qh6+ Ke8 38. Qxh5+ Kd8 39. Qh8+ Kc7 40. Qg7+ Kb6 41. Nf3 Qxc4 42. Qxf6+ Kb5 43. d6 Qd5 44. h4 Bxd6 45. h5 Bc5 46. h6 Qa2 47. h7 Qxf2+ 48. Kh3 Qf1+ 49. Kg4 Qh1 50. h8=Q Qxh8 51. Qxh8 1-0


[Site "https://www.chess.com"]

[Event "Titled Tuesday Blitz August 09 Early 2022"]
[White "Maiorov, Nikita"]
[Black "Samunenkov, Ihor"]
[WhiteFideId "13501720"]
[BlackFideId "14187086"]
[WhiteElo "2409"]
[BlackElo "2441"]
[Result "0-1"]
[Round "10"]
[TimeControl "180+1"]
[Date "2022.08.09"]
[WhiteClock "0:00:14"]
[BlackClock "0:00:07"]

1. d4 d5 2. c4 c6 3. Nc3 Nf6 4. e3 e6 5. Nf3 Nbd7 6. Qc2 Bd6 7. Be2 O-O 8. O-O dxc4 9. Bxc4 a6 10. Rd1 b5 11. Bd3 Qc7 12. Bd2 Bb7 13. b4 a5 14. a3 e5 15. Rab1 exd4 16. exd4 axb4 17. axb4 h6 18. Ne2 Nb6 19. Ng3 Nbd5 20. Nf5 Bf4 21. Bxf4 Nxf4 22. Bxb5 Ra3 23. Ne3 N6d5 24. Nxd5 Nxd5 25. Bd3 Nc3 26. Qb2 Nxb1 27. Bxb1 Raa8 28. Qc2 g6 29. Ne5 Rad8 30. Ba2 Kh8 31. Qc1 Kg7 32. Ng4 g5 33. d5 Qf4 34. Qc3+ f6 35. h3 cxd5 36. g3 d4 37. Qc4 Qf3 38. Qc5 Qg2# 0-1


[Site "https://www.chess.com"]

[Event "Titled Tuesday Blitz August 09 Early 2022"]
[White "Makarian, Rudik"]
[Black "Dubov, Daniil"]
[WhiteFideId "44105681"]
[BlackFideId "24126055"]
[WhiteElo "2403"]
[BlackElo "2791"]
[Result "0-1"]
[Round "10"]
[TimeControl "180+1"]
[Date "2022.08.09"]
[WhiteClock "0:01:09"]
[BlackClock "0:00:35"]

1. d3 d5 2. f4 g6 3. Nf3 Bg7 4. g3 Nc6 5. Bg2 Bg4 6. Nc3 Bxf3 7. Bxf3 e6 8. e4 dxe4 9. Nxe4 Nf6 10. O-O O-O 11. c3 Nd5 12. Qe2 Nce7 13. d4 c6 14. Bd2 Nf5 15. Nc5 Nxd4 16. cxd4 Bxd4+ 17. Kg2 Bxc5 18. h4 h5 19. Rad1 Qf6 20. Bxd5 cxd5 21. Bc3 d4 22. Be1 Qf5 23. Qf3 Rfd8 24. Bf2 d3 25. Qxb7 Rab8 26. Qc7 Qd5+ 27. Kh3 Rdc8 28. Qe5 Qxe5 29. fxe5 Rxb2 30. Rc1 Rc2 0-1


[Site "https://www.chess.com"]

[Event "Titled Tuesday Blitz August 09 Early 2022"]
[White "Malyi, Viacheslav"]
[Black "Remolar Gallen, Jose"]
[WhiteFideId "14123983"]
[BlackFideId "2215187"]
[WhiteElo "2190"]
[BlackElo "2205"]
[Result "0-1"]
[Round "10"]
[TimeControl "180+1"]
[Date "2022.08.09"]
[WhiteClock "0:00:10"]
[BlackClock "0:00:15"]

1. e4 c5 2. Nf3 d6 3. d4 cxd4 4. Nxd4 Nf6 5. Nc3 a6 6. Rg1 h5 7. h3 g6 8. g4 hxg4 9. hxg4 Bg7 10. g5 Nh5 11. Be3 b5 12. Qd2 Bb7 13. Bg2 Nd7 14. O-O-O Ne5 15. Nd5 Nc4 16. Qe2 e6 17. Nc3 Qa5 18. Nb3 Qb4 19. Bd4 Nf4 20. Qf3 e5 21. Be3 Rc8 22. Nd5 Bxd5 23. exd5 e4 24. Qxe4+ Kf8 25. c3 Bxc3 26. Bxf4 Bxb2+ 27. Kb1 Qc3 28. Bxd6+ Kg8 29. Rd3 Na3+ 30. Bxa3 Qc2# 0-1


[Site "https://www.chess.com"]

[Event "Titled Tuesday Blitz August 09 Early 2022"]
[White "Mardov, Dimitar"]
[Black "Zemlyanskii, Ivan"]
[WhiteFideId "30919495"]
[BlackFideId "24249971"]
[WhiteElo "2185"]
[BlackElo "1879"]
[Result "1-0"]
[Round "10"]
[TimeControl "180+1"]
[Date "2022.08.09"]
[WhiteClock "0:00:05"]
[BlackClock "0:00:11"]

1. d4 Nf6 2. c4 e6 3. Nc3 Bb4 4. a3 Bxc3+ 5. bxc3 c5 6. e3 b6 7. Bd3 Nc6 8. Ne2 O-O 9. O-O d6 10. e4 Ne8 11. f4 f5 12. d5 Ne7 13. Ng3 g6 14. Qe2 Ng7 15. Rd1 fxe4 16. Bxe4 exd5 17. Rxd5 Rb8 18. Rd1 Qc7 19. Qd3 Ngf5 20. Nxf5 Nxf5 21. Be3 Re8 22. Bf2 Qf7 23. g4 Nh6 24. h3 Be6 25. Qxd6 Bxc4 26. f5 gxf5 27. Bc6 Be6 28. Bxe8 Rxe8 29. Be3 Qg6 30. Qf4 Nf7 31. Kh2 fxg4 32. Rg1 h5 33. Raf1 Kg7 34. Bf2 Ng5 35. Bh4 Nxh3 36. Qc7+ Bf7 37. Rg2 Re6 38. Qxa7 Rc6 39. Bg3 Ng5 40. Be5+ Kh7 41. Qe7 Re6 42. Qc7 Qg8 43. Rgf2 Nf3+ 44. Rxf3 gxf3 45. Rxf3 Rxe5 46. Qxe5 Qg6 47. Rg3 Qc2+ 48. Rg2 Qg6 49. Rxg6 Bxg6 50. Qc7+ Kh6 51. Qxb6 Kg5 52. Qxc5+ 1-0


[Site "https://www.chess.com"]

[Event "Titled Tuesday Blitz August 09 Early 2022"]
[White "Martin Barcelo, Carles"]
[Black "Todorovic, Bojan"]
[WhiteFideId "24561444"]
[BlackFideId "917087"]
[WhiteElo "1922"]
[BlackElo "2266"]
[Result "1-0"]
[Round "10"]
[TimeControl "180+1"]
[Date "2022.08.09"]
[WhiteClock "0:00:42"]
[BlackClock "0:00:21"]

1. e4 c5 2. Nf3 Nc6 3. c3 d5 4. exd5 Qxd5 5. d4 Bg4 6. Be2 cxd4 7. cxd4 e6 8. O-O Nf6 9. Nc3 Qa5 10. h3 Bh5 11. Qb3 Qb4 12. Qxb4 Bxb4 13. a3 Ba5 14. Be3 O-O 15. Rac1 Rac8 16. b4 Bb6 17. Na4 Bxf3 18. Bxf3 Bxd4 19. Bxd4 Nxd4 20. Rxc8 Rxc8 21. Bxb7 Rc2 22. Rd1 e5 23. Nc5 a5 24. Nd3 e4 25. Nc5 Ne2+ 26. Kf1 h5 27. Nxe4 axb4 28. Rd8+ Kh7 29. Nxf6+ gxf6 30. Be4+ 1-0


[Site "https://www.chess.com"]

[Event "Titled Tuesday Blitz August 09 Early 2022"]
[White "Martinez, Shawn"]
[Black "Lagno, Kateryna"]
[WhiteFideId "2039770"]
[BlackFideId "14109336"]
[WhiteElo "2174"]
[BlackElo "2522"]
[Result "0-1"]
[Round "10"]
[TimeControl "180+1"]
[Date "2022.08.09"]
[WhiteClock "0:00:14"]
[BlackClock "0:00:43"]

1. e4 e5 2. Nf3 Nc6 3. d4 exd4 4. Nxd4 Nf6 5. Nxc6 bxc6 6. e5 Qe7 7. Qe2 Nd5 8. c4 Nb6 9. Nd2 g6 10. Nf3 Bg7 11. Bg5 Qb4+ 12. Qd2 Qxd2+ 13. Bxd2 d6 14. Bc3 O-O 15. O-O-O Na4 16. Bd4 c5 17. Be3 dxe5 18. b3 Nc3 19. Rd2 Ne4 20. Rd5 Bb7 21. Rd7 Rac8 22. Ng5 Bc6 23. Rd3 Nxg5 24. Bxg5 e4 25. Rd1 Bd4 26. Be3 Rcd8 27. Kc2 f5 28. g3 a5 29. Be2 Kg7 30. h4 h6 31. Rd2 Rd7 32. Rhd1 Rfd8 33. a3 Kf7 34. Bxh6 Bxf2 35. Rxd7+ Rxd7 36. Rxd7+ Bxd7 37. Bd2 a4 38. b4 Bxg3 39. b5 f4 40. Bd1 e3 41. Ba5 Bf5+ 42. Kc1 f3 43. Bxf3 Bd3 44. Kd1 Bxc4 45. b6 cxb6 46. Bxb6 Bd6 47. h5 gxh5 48. Bxh5+ Kf6 49. Be8 e2+ 50. Kd2 Bf4+ 51. Ke1 Bg3+ 52. Kd2 e1=Q+ 53. Kc2 Bb3+ 54. Kd3 c4+ 55. Kd4 Qe5# 0-1


[Site "https://www.chess.com"]

[Event "Titled Tuesday Blitz August 09 Early 2022"]
[White "Mathieu, Phileas"]
[Black "Hambleton, Aman"]
[WhiteFideId "36048410"]
[BlackFideId "2606577"]
[WhiteElo "2138"]
[BlackElo "2538"]
[Result "0-1"]
[Round "10"]
[TimeControl "180+1"]
[Date "2022.08.09"]
[WhiteClock "0:00:54"]
[BlackClock "0:00:09"]

1. e4 c5 2. Nc3 e6 3. Nge2 Nc6 4. g3 d5 5. exd5 exd5 6. d4 Bg4 7. Bg2 cxd4 8. Nxd5 Nf6 9. Nxf6+ Qxf6 10. h3 Bf3 11. O-O O-O-O 12. Qd3 Ne5 13. Qd2 Bxg2 14. Kxg2 Qf3+ 15. Kh2 Qc6 16. Ng1 h5 17. Qf4 Ng4+ 18. Qxg4+ hxg4 19. h4 Bd6 20. f3 Rxh4+ 21. Kg2 gxf3+ 22. Nxf3 Rg4 0-1


[Site "https://www.chess.com"]

[Event "Titled Tuesday Blitz August 09 Early 2022"]
[White "McConnell, Griffin"]
[Black "Nemurov, Aleksandr"]
[WhiteFideId "30942551"]
[BlackFideId "4194187"]
[WhiteElo "2320"]
[BlackElo "2190"]
[Result "1-0"]
[Round "10"]
[TimeControl "180+1"]
[Date "2022.08.09"]
[WhiteClock "0:00:26"]
[BlackClock "0:00:02"]

1. e4 c6 2. Nc3 d5 3. d3 g6 4. g3 Bg7 5. Bg2 Nf6 6. Nge2 Bg4 7. O-O Bxe2 8. Qxe2 e6 9. Bg5 dxe4 10. dxe4 h6 11. Be3 O-O 12. f4 Nbd7 13. Rad1 Qc7 14. Rd2 Rfd8 15. Rfd1 Nb6 16. Rxd8+ Rxd8 17. Rxd8+ Qxd8 18. Qd3 Qc7 19. b3 Nbd7 20. a4 Bf8 21. h3 Bc5 22. Bxc5 Nxc5 23. Qd4 Ncd7 24. Ne2 e5 25. Qxa7 exf4 26. gxf4 Nh5 27. Qe3 Qd6 28. Qd3 Qe7 29. Bf3 Nhf6 30. e5 Ne8 31. Nd4 Nc5 32. Qc4 Ne6 33. Nxe6 fxe6 34. Bg4 Kf7 35. Kg2 h5 36. Bf3 Nc7 37. b4 Nd5 38. Bxd5 exd5 39. Qd4 Qe6 40. b5 g5 41. fxg5 Qf5 42. Qf2 Ke6 43. Qxf5+ Kxf5 44. h4 cxb5 45. axb5 Kxe5 46. Kf3 d4 47. Ke2 b6 48. Kd3 Kd5 49. g6 Ke6 50. Kxd4 Kf6 51. Kd5 Kg7 52. Ke5 Kg8 53. Kf6 Kf8 54. Kg5 Kg7 55. Kxh5 Kg8 56. Kg5 Kh8 57. h5 Kg8 58. h6 Kh8 59. Kf6 Kg8 60. g7 Kh7 61. Kf7 Kxh6 62. g8=Q Kh5 63. Kf6 Kh4 64. Kf5 Kh3 65. Kf4 Kh2 66. Kf3 1-0


[Site "https://www.chess.com"]

[Event "Titled Tuesday Blitz August 09 Early 2022"]
[White "Melikhov, Evgeny V."]
[Black "Toncheva, Nadya"]
[WhiteFideId "4122046"]
[BlackFideId "2924056"]
[WhiteElo "1963"]
[BlackElo "1888"]
[Result "0-1"]
[Round "10"]
[TimeControl "180+1"]
[Date "2022.08.09"]
[WhiteClock "0:01:07"]
[BlackClock "0:00:09"]

1. d4 d5 2. c4 dxc4 3. Nf3 Nf6 4. e3 Bg4 5. Bxc4 e6 6. h3 Bh5 7. Nc3 a6 8. g4 Bg6 9. Nh4 Nbd7 10. Nxg6 hxg6 11. g5 Nd5 12. Qg4 N7b6 13. Bf1 Bb4 14. Bd2 Rh5 15. h4 Qd7 16. a3 Bxc3 17. bxc3 Qc6 18. Qe2 Nxc3 19. Bxc3 Qxc3+ 20. Qd2 Qxa1+ 21. Ke2 Qxa3 22. Bg2 Rd8 23. Bxb7 e5 24. Bf3 Rh8 25. d5 Qa4 26. e4 Qd4 27. Qc2 Qc4+ 28. Qxc4 Nxc4 29. Rc1 Nd6 30. Rxc7 Rxh4 31. Ke3 Rb8 32. Ra7 Rb3+ 33. Ke2 Nxe4 34. d6 Rb2+ 35. Ke3 Rb3+ 36. Ke2 Nxd6 37. Bc6+ Kd8 38. Rd7+ Kc8 39. Rxd6 Kc7 40. Rd7+ Kxc6 41. Rxf7 Re4+ 42. Kf1 Rb1+ 43. Kg2 Rg4+ 44. Kh3 Rxg5 45. Kh4 Rf5 46. Rxg7 Rxf2 47. Kg3 Rd2 48. Kf3 Rb3+ 49. Ke4 Re2# 0-1


[Site "https://www.chess.com"]

[Event "Titled Tuesday Blitz August 09 Early 2022"]
[White "Nakamura, Hikaru"]
[Black "Kamsky, Gata"]
[WhiteFideId "2016192"]
[BlackFideId "2000024"]
[WhiteElo "2850"]
[BlackElo "2666"]
[Result "0-1"]
[Round "10"]
[TimeControl "180+1"]
[Date "2022.08.09"]
[WhiteClock "0:00:19"]
[BlackClock "0:00:29"]

1. Nf3 f5 2. d3 Nc6 3. e4 e5 4. Nc3 Bb4 5. Bd2 Nf6 6. exf5 d5 7. a3 Bxc3 8. Bxc3 d4 9. Bd2 Bxf5 10. Be2 O-O 11. O-O h6 12. b4 a6 13. c3 Kh8 14. Re1 Qd6 15. Rc1 dxc3 16. Bxc3 Rad8 17. a4 Nd5 18. b5 axb5 19. axb5 Nxc3 20. Rxc3 Nb4 21. Bf1 e4 22. dxe4 Qxd1 23. Rxd1 Rxd1 24. exf5 Rxf5 25. Rxc7 Rxb5 26. g3 Nd3 27. Kg2 Rb2 28. Bxd3 Rxd3 29. g4 Rd5 30. h4 Kg8 31. Kg3 Rb3 32. Kf4 Rb4+ 33. Kg3 Rd3 34. Rc8+ Kf7 35. Rc7+ Kf8 36. Rc8+ Ke7 37. Rc7+ Rd7 38. Rc3 Kd8 39. h5 Re4 40. Rb3 Kc7 41. Nh4 Red4 42. f3 Rd3 43. Rb2 R3d5 44. Nf5 b5 45. Kf4 Kb6 46. Ke4 Rc5 47. f4 Rc4+ 48. Ke5 b4 49. Ne3 Re7+ 50. Kd6 Rxe3 0-1


[Site "https://www.chess.com"]

[Event "Titled Tuesday Blitz August 09 Early 2022"]
[White "Namitbir Singh Walia"]
[Black "Ekdyshman, Mikhail"]
[WhiteFideId "35071068"]
[BlackFideId "4149416"]
[WhiteElo "1664"]
[BlackElo "2146"]
[Result "0-1"]
[Round "10"]
[TimeControl "180+1"]
[Date "2022.08.09"]
[WhiteClock "0:00:04"]
[BlackClock "0:00:08"]

1. d4 Nf6 2. c4 c5 3. d5 b5 4. cxb5 a6 5. bxa6 Bxa6 6. Nc3 d6 7. e4 Bxf1 8. Kxf1 g6 9. g3 Qc8 10. Kg2 Bg7 11. Nge2 O-O 12. h3 Qb7 13. Qc2 Nbd7 14. Be3 Nb6 15. b3 Ne8 16. Rab1 f5 17. Rhd1 Nc7 18. f3 fxe4 19. fxe4 Rae8 20. Nf4 e6 21. Bg1 Be5 22. Nce2 g5 23. Nxe6 Nxe6 24. dxe6 Rxe6 25. Rf1 Rfe8 26. Rf5 h6 27. Rbf1 Bg7 28. Nc3 Bxc3 29. Qxc3 Qxe4+ 30. Qf3 Qxf3+ 31. R5xf3 Re2+ 32. R1f2 Nd5 33. Rd3 R2e5 34. Rfd2 Nf6 35. Rc2 Ne4 36. a4 Rb8 37. a5 Ra8 38. Ra2 Ra6 39. Ra4 Kf7 40. Kf3 Nf6 41. g4 Ke6 42. Bh2 Rd5 43. Re3+ Kd7 44. Kf2 Rd4 45. Re2 Rxa4 46. bxa4 Rxa5 47. Kf3 Rxa4 48. Rb2 Ra3+ 49. Kg2 Nd5 50. Rb7+ Kc6 51. Rh7 Ra2+ 52. Kg1 Ra1+ 53. Kg2 Ra2+ 54. Kg1 c4 55. Rxh6 Nf4 56. Bxf4 gxf4 57. Rf6 c3 58. Rxf4 d5 59. Rf8 d4 60. g5 c2 61. Rc8+ Kd7 62. Rc4 Ra1+ 63. Kf2 c1=Q 64. Rxc1 Rxc1 65. h4 Ke6 0-1


[Site "https://www.chess.com"]

[Event "Titled Tuesday Blitz August 09 Early 2022"]
[White "Nasir, Zehn"]
[Black "Costachi, Mihnea"]
[WhiteFideId "2613239"]
[BlackFideId "1217518"]
[WhiteElo "1993"]
[BlackElo "2437"]
[Result "1-0"]
[Round "10"]
[TimeControl "180+1"]
[Date "2022.08.09"]
[WhiteClock "0:00:08"]
[BlackClock "0:00:07"]

1. d4 d6 2. Bf4 Nd7 3. Nc3 e5 4. dxe5 dxe5 5. Bg3 Bb4 6. e3 Bxc3+ 7. bxc3 Ngf6 8. Bc4 O-O 9. Nf3 Qe7 10. O-O Qc5 11. Qe2 Ne4 12. Qd3 Nd6 13. Bd5 Nb6 14. Ng5 e4 15. Bxd6 cxd6 16. Qxe4 g6 17. c4 Nxd5 18. Qxd5 Bf5 19. e4 Bd7 20. Rfd1 Bc6 21. Qxc5 dxc5 22. f3 Ba4 23. Rd2 Rfd8 24. Rad1 Rxd2 25. Rxd2 h6 26. Nh3 Rb8 27. Nf4 b5 28. cxb5 Rxb5 29. Nd3 c4 30. Nf4 Rb2 31. Rd8+ Kg7 32. c3 Rxa2 33. Rc8 Bb3 34. e5 g5 35. Nd5 Re2 36. Re8 a5 37. Nf6 h5 38. Nxh5+ Kg6 39. g4 f6 40. e6 Ba4 41. Re7 Bc6 42. Ng3 Re5 43. Nf5 Rxf5 44. gxf5+ Kxf5 45. Rc7 Be8 46. e7 Ke6 47. Ra7 a4 48. Kf2 f5 49. Ke3 Bc6 50. f4 g4 51. Ra6 Kxe7 52. Rxc6 Kd7 53. Rxc4 a3 54. Ra4 g3 55. hxg3 1-0


[Site "https://www.chess.com"]

[Event "Titled Tuesday Blitz August 09 Early 2022"]
[White "Nazari, Arad"]
[Black "Melikyan, Gnel"]
[WhiteFideId "12577324"]
[BlackFideId "54109990"]
[WhiteElo "2129"]
[BlackElo "1772"]
[Result "1-0"]
[Round "10"]
[TimeControl "180+1"]
[Date "2022.08.09"]
[WhiteClock "0:00:42"]
[BlackClock "0:00:19"]

1. e4 c5 2. Nf3 Nc6 3. Bb5 e6 4. O-O Nge7 5. d4 cxd4 6. Nxd4 Qb6 7. Nxc6 bxc6 8. Bd3 d5 9. b3 Ng6 10. Bb2 Nf4 11. Qg4 e5 12. Qf3 Nxd3 13. cxd3 d4 14. Nd2 Ba6 15. Rfc1 Bb4 16. Nc4 Bxc4 17. Rxc4 O-O 18. Rac1 Rac8 19. R1c2 Rfe8 20. Qf5 g6 21. Qg5 Bf8 22. h4 Re6 23. f4 Be7 24. Qg3 exf4 25. Qxf4 Bd6 26. Qf2 Qa6 27. Bxd4 Be7 28. Ba1 Rd8 29. Qf3 Bxh4 30. d4 Bf6 31. e5 Bg5 32. Rf2 Rd7 33. Bc3 Qb6 34. Bb4 Bh4 35. g3 Bd8 36. Bc5 Qa6 37. g4 Bb6 38. Bd6 Rdxd6 39. Qxf7+ 1-0


[Site "https://www.chess.com"]

[Event "Titled Tuesday Blitz August 09 Early 2022"]
[White "Nurmanova, Alua"]
[Black "Fajdetic, Hrvoje"]
[WhiteFideId "13729390"]
[BlackFideId "14501945"]
[WhiteElo "1921"]
[BlackElo "2172"]
[Result "1-0"]
[Round "10"]
[TimeControl "180+1"]
[Date "2022.08.09"]
[WhiteClock "0:00:20"]
[BlackClock "0:00:01"]

1. e4 c5 2. Nf3 a6 3. c3 d5 4. exd5 Qxd5 5. d4 Bg4 6. Nbd2 cxd4 7. Bc4 Qh5 8. Qb3 b5 9. Bd5 Ra7 10. cxd4 Nf6 11. Ne5 Nxd5 12. Qxd5 e6 13. Qb3 f6 14. Nxg4 Qxg4 15. O-O Nc6 16. Nf3 Rd7 17. Re1 Kf7 18. Be3 Bb4 19. Re2 Ba5 20. Rc1 Ne7 21. Qa3 Bc7 22. Qxa6 Rhd8 23. Qxb5 Nd5 24. Bd2 h5 25. h3 Qf5 26. Rce1 Rd6 27. Nh4 Qh7 28. Qc4 g5 29. Nf3 Qf5 30. Bb4 R6d7 31. Rxe6 Qxe6 32. Rxe6 Kxe6 33. Bd2 Kf7 34. b4 Kg7 35. b5 Bf4 36. Ba5 Ra8 37. Qc6 Rda7 38. Qxd5 1-0


[Site "https://www.chess.com"]